 Dungeon Crawl Stone Soup version 0.32-a0-999-gfa1cc04b1d (webtiles) character file.

Game seed: 6842190301225260831

518 Strat the Chiller (level 7, 50/50 HPs)
             Began as a Green Draconian Ice Elementalist on Apr 24, 2024.
             Quit the game on level 5 of the Dungeon.
             The game lasted 00:08:30 (4488 turns).

Strat the Chiller (DrIE)                            Turns: 4488, Time: 00:08:30

Health: 50/50      AC:  8    Str: 10    XL:     7   Next: 1%
Magic:  12/12      EV: 11    Int: 17    God:
Gold:   301        SH:  0    Dex: 12    Spells: 6/13 levels left

rFire   . . .        k - +1 hand axe (elec)
rCold   . . .        (no shield)
rNeg    . . .        (body armour unavailable)
rPois   +            (helmet restricted)
rElec   .            (no cloak)
rCorr   .            b - +0 pair of gloves
SInv    .            r - +0 pair of boots
Will    .....        (no amulet)
Stlth   ++           (no ring)
HPRegen 0.28/turn    (no ring)
MPRegen 0.13/turn

%: no passive effects
@: no status effects
A: noxious breath, AC +6, unfitting armour, poison resistance, cold-blooded
a: Noxious Breath


You were on level 5 of the Dungeon.
You visited 1 branch of the dungeon, and saw 5 of its levels.

You collected 301 gold pieces.

Inventory:

Hand Weapons
 a - a +0 short sword
 k - a +1 hand axe of electrocution (weapon)
Missiles
 n - a throwing net
Armour
 b - a +0 pair of gloves (worn)
 r - a +0 pair of boots (worn)
Jewellery
 j - a ring of ice
 u - an amulet of guardian spirit
Scrolls
 c - a scroll of torment {unknown}
 d - 3 scrolls of amnesia {unknown}
 g - 5 scrolls of identify {unknown}
 i - a scroll of fog {unknown}
 l - a scroll of immolation {unknown}
 p - a scroll of vulnerability {unknown}
 q - a scroll of revelation {unknown}
 v - a scroll of blinking {unknown}
Potions
 e - a potion of heal wounds {unknown}
 f - a potion of magic
 h - 3 potions of curing {unknown}
 m - 2 potions of degeneration {unknown}
 o - a potion of invisibility {unknown}
 s - 2 potions of enlightenment {unknown}
 t - a potion of mutation {unknown}
 w - a potion of haste {unknown}


   Skills:
 - Level 1.7 Dodging
 - Level 1.7 Stealth
 + Level 3.8 Spellcasting
 + Level 7.6 Ice Magic


You had 6 spell levels left.
You knew the following spells:

 Your Spells              Type           Power      Damage    Failure   Level
a - Freeze                Ice            100%       1d10      1%          1
b - Frozen Ramparts       Ice            58%        1d9       1%          3
c - Ozocubu's Armour      Ice            29%        N/A       1%          3

Your spell library contained the following spells:

 Spells                   Type           Power      Damage    Failure   Level
 Summon Ice Beast         Ice/Summ       16%        N/A       10%         3
 Sandblast                Erth           6%         2d5       16%         1
 Slow                     Hex            12%        N/A       16%         1
 Sting                    Conj/Alch      12%        1d3       16%         1
 Mercury Vapours          Alch/Air       6%         N/A       24%         2
 Static Discharge         Conj/Air       6%         3-4/arc   24%         2
 Confusing Touch          Hex            3%         N/A       43%         3
 Passwall                 Erth           3%         N/A       43%         3
 Stone Arrow              Conj/Erth      6%         3d7       43%         3
 Vampiric Draining        Necr           3%         2d6       43%         3
 Metabolic Englaciation   Hex/Ice        8%         N/A       67%         5
 Airstrike                Air            1%         2d(1-17)  85%         4
 Olgreb's Toxic Radiance  Alch           3%         N/A       85%         4
 Summon Lightning Spire   Summ/Air       3%         N/A       85%         4


Dungeon Overview and Level Annotations

Branches:
Dungeon (5/15)
 Temple: D:4-7

Altars:
Dithmenos
Qazlal

Shops:
D:4 =


Innate Abilities, Weirdness & Mutations

You can breathe blasts of noxious fumes.
Your lurid green scales are hard. (AC +6)
You cannot fit into any form of body armour.
Your system is resistant to poisons. (rPois)
You are cold-blooded and may be slowed by cold attacks.


Message History

You freeze the black bear.
The black bear is moderately wounded.
The wall freezes the black bear.
The black bear barely misses you. The black bear claws you.
The black bear claws you but does no damage.
Casting: Freeze (safe; 1% risk of failure)
Confirm with . or Enter, or press ? or * to list all spells.
Aiming: Freeze (safe; 1% risk of failure)
Press: ? - help, Shift-Dir - straight line, f/p - black bear
Aim: a black bear (moderately wounded)
You freeze the black bear.
The black bear is heavily wounded.
The wall freezes the black bear.
The black bear completely misses you. The black bear barely misses you. x2
Casting: Freeze (safe; 1% risk of failure)
Confirm with . or Enter, or press ? or * to list all spells.
Aiming: Freeze (safe; 1% risk of failure)
Press: ? - help, Shift-Dir - straight line, f/p - black bear
Aim: a black bear (heavily wounded)
You freeze the black bear.
The black bear is heavily wounded.
The wall freezes the black bear.
The black bear goes berserk!
Unknown command.
Casting: Freeze (safe; 1% risk of failure)
Confirm with . or Enter, or press ? or * to list all spells.
Aiming: Freeze (safe; 1% risk of failure)
Press: ? - help, Shift-Dir - straight line, f/p - black bear
Aim: a black bear (severely wounded, berserk)
You freeze the black bear!
You kill the black bear!
You have reached level 7!
Your scales start taking on a lurid green colour.
You learn Alchemy much quicker.
You can breathe blasts of noxious fumes.
You feel resistant to poisons.
You start resting.
The frozen ramparts melt away.
You start resting.
Magic restored.
Are you sure you want to abandon this character and quit the game? (Confirm with "yes".)

#.#.#.##.# ... #......#.##...
#.#.#.........
###......#..........
#...........#......
#.................## .
#....###.#.#.......# ..
#....# #.#..^......######
#....# #@###.............
##....###..............#
#......#######.........#
#.####.# #...###..######
#.†..#.####.#.#.........#
####.#.##...#.#.#.#.#.#.#
#....#.####.#.#.........##
###.####..........#.#.#.#...
##..).#......................


There were no monsters in sight!

Vanquished Creatures
  A black bear (D:5)
  Blork the orc (D:5)
  2 scorpions (D:5)
  2 bombardier beetles
  A sleepcap (D:4)
  5 adders
  5 gnolls
  3 dart slugs
  A ribbon worm (D:4)
  7 endoplasms
  A giant cockroach (D:4)
  4 goblins
  2 hobgoblins
  3 kobolds
  4 quokkas
  5 ball pythons
  2 bats (D:1)
  A frilled lizard (D:2)
  2 rats (D:1)
52 creatures vanquished.

Notes
Turn   | Place    | Note
-------+----------+-------------------------------------------
     0 | D:1      | Strat the Draconian Ice Elementalist began the quest for
                  | the Orb.
     0 | D:1      | Reached XP level 1. HP: 14/14 MP: 3/3
   364 | D:1      | Reached XP level 2. HP: 20/20 MP: 0/5
  1412 | D:2      | Reached skill level 5 in Ice Magic
  1412 | D:2      | Reached XP level 3. HP: 20/26 MP: 2/6
  1572 | D:2      | Learned a level 3 spell: Frozen Ramparts
  1899 | D:2      | Reached XP level 4. HP: 33/33 MP: 3/7
  1941 | D:2      | Learned a level 3 spell: Ozocubu's Armour
  2171 | D:3      | Found a faded altar of an unknown god.
  2293 | D:3      | Reached skill level 6 in Ice Magic
  2618 | D:3      | Found a stormy altar of Qazlal.
  3146 | D:4      | Reached XP level 5. HP: 25/38 MP: 2/8
  3344 | D:4      | Found Jeoreastra's Jewellery Shoppe.
  3496 | D:4      | Found a shadowy altar of Dithmenos.
  3860 | D:5      | Entered Level 5 of the Dungeon
  4207 | D:5      | Reached skill level 7 in Ice Magic
  4207 | D:5      | Reached XP level 6. HP: 41/45 MP: 3/10
  4289 | D:5      | Noticed Blork the orc
  4321 | D:5      | Killed Blork the orc
  4432 | D:5      | Your scales start taking on a lurid green colour.
  4432 | D:5      | Reached XP level 7. HP: 50/50 MP: 4/12
  4432 | D:5      | Gained mutation: Your system is resistant to poisons.
                  | (rPois) [Green Draconian growth]
  4488 | D:5      | Quit the game

Illustrated notes

Levels and vault maps discovered:
D:1:      dpeg_arrival_water_temple_mockup, layout_basic
D:2:      layout_basic
D:3:      layout_basic, nicolae_qazlal_scattered_showers,
          shapermc_ecumenical_altar_ellora
D:4:      layout_loops_ring, grunt_dithmenos_smoke_and_mirrors, serial_shops,
          nicolae_shop_getting_attention, serial_park_tiny_pond,
          kennysheep_generic_room_4
D:5:      layout_basic, serial_co_window_serial, co_window_of_opportunity_a,
          co_window_paths_b, co_window_corner_a, co_window_of_opportunity_a,
          co_window_paths_a, co_window_unsneaky_path_b,
          co_window_of_opportunity_b, co_window_of_opportunity_b,
          co_window_2corner, co_window_corner_b, co_window_4corner_a,
          co_window_paths_d, glass_columns_a, glass_columns_c, glass_columns_a,
          minmay_fountain_box, uniq_eustachio, uniq_blork_the_orc

Skill      XL: |  1  2  3  4  5  6 |
---------------+-------------------+-----
Ice Magic      | 5 6 7 |  7.6
Spellcasting   | 3 |  3.8
Dodging        | |  1.7
Stealth        | |  1.7

Action                     |  1- 3 |  4- 6 |  7- 9 || total
---------------------------+-------+-------+-------++-------
  Melee: Short sword       |    16 |       |       ||    16
         Tailslap          |     1 |     2 |       ||     3
         Hand axe          |     1 |    27 |       ||    28
   Cast: Freeze            |    40 |    30 |       ||    70
         Frozen Ramparts   |     2 |    11 |       ||    13
   Stab: Sleeping          |       |     6 |       ||     6
 Armour: Skin              |    33 |    36 |       ||    69
  Dodge: Dodged            |    23 |    21 |       ||    44

Table legend: (Time is in decaauts)
 A = Elapsed time spent in this place.
 B = Non-inter-level travel time spent in this place.
 C = Inter-level travel time spent in this place.
 D = Time resting spent in this place.
 E = Time spent auto-exploring this place.
 F = Levels seen in this place.
 G = Mean time per level.
                   A        B        C        D        E       F      G
               +--------+--------+--------+--------+--------+-----+--------+
         Total |   4498 |   4395 |    103 |    681 |   2911 |   5 |  899.6 |
       Dungeon |   4498 |   4395 |    103 |    681 |   2911 |   5 |  899.6 |
               +--------+--------+--------+--------+--------+-----+--------+

Top non-repeatable levels by time:
     D:1: 1131 daAuts
     D:3: 989 daAuts
     D:2: 926 daAuts
     D:4: 822 daAuts
     D:5: 628 daAuts
